 Dungeon Crawl Stone Soup version 0.29.1-12-g30fa7ad0bf (webtiles) character file.

Game seed: 7817200029027821954

33 croobank the Chopper (level 3, 0/21 HPs)
             Began as an Octopode Wanderer on Dec 29, 2022.
             Slain by a jackal (1 damage)
             ... on level 1 of the Dungeon.
             The game lasted 00:01:36 (497 turns).

croobank the Chopper (Octopode Wanderer)             Turns: 497, Time: 00:01:36

Health: 0/21       AC:  1    Str: 10    XL:     3   Next: 29%
Magic:  0/5        EV: 13    Int: 15    God:
Gold:   55         SH:  0    Dex: 13    Spells: 4/5 levels left

rFire   . . .      SeeInvis .   a - +2 hand axe
rCold   . . .      Faith    .   (no shield)
rNeg    . . .      Spirit   +   (helmet restricted)
rPois   .          Reflect  .   d - amulet of guardian spirit
rElec   .          Harm     .   (no ring)
rCorr   .          Rampage  .   (no ring)
Will    .....                   (no ring)
Stlth   ++........              (no ring)
HPRegen 0.07/turn               (no ring)
MPRegen 0.09/turn               (no ring)
                                (no ring)
                                (no ring)

@: no status effects
A: almost no armour, amphibious, 8 rings, camouflage 1, gelatinous body 1,
(nimble swimmer 1), tentacles
a: no special abilities


You were on level 1 of the Dungeon.
You visited 1 branch of the dungeon, and saw 1 of its levels.

You collected 55 gold pieces.

Inventory:

Hand Weapons
 a - a +2 hand axe (weapon)
 g - a +0 quarterstaff
Jewellery
 d - an amulet of guardian spirit (around mantle)
Scrolls
 e - a scroll of teleportation {unknown}
 h - a scroll of blinking {unknown}
Potions
 c - a potion of curing
 f - a potion of ambrosia {unknown}
 i - a potion of might {unknown}
Miscellaneous
 b - a piece from Xom's chessboard (15/15)


   Skills:
 + Level 3.2 Axes
 + Level 2.3 Dodging
 + Level 1.5 Spellcasting
 + Level 3.2 Necromancy
 + Level 1.7 Evocations


You had 4 spell levels left.
You knew the following spells:

 Your Spells              Type           Power      Damage    Failure   Level
a - Necrotise             Necr           40%        1d6       6%          1

Your spell library contained the following spells:

 Spells                   Type           Power      Damage    Failure   Level
 Vampiric Draining        Necr           10%        2d6       19%         3


Dungeon Overview and Level Annotations

Branches:
Dungeon (1/15)

Altars:


Innate Abilities, Weirdness & Mutations

You cannot wear most types of armour.
You are amphibious.
You can wear up to eight rings at the same time.
Your skin changes colour to match your surroundings (Stealth+).
Your rubbery body absorbs attacks. (AC +1, EV +1)
((You are camouflaged when in or above water. (Stealth+)))
You have tentacles for arms and can constrict up to eight enemies at once.


Message History

The kobold throws a stone.
The stone misses you. The jackal bites you.
You hit the jackal but do no damage. Your grab misses the jackal.
You barely miss the kobold. The jackal misses you.
The kobold hits you with a +0 whip. The jackal misses you.
The jackal barks!
You hit the jackal.
You kill the jackal!
You barely miss the kobold. The kobold misses you.
You miss the goblin. You grab the goblin.
You tentacle-slap the goblin, but do no damage.
You squeeze the goblin.
The goblin is heavily wounded.
You hit the kobold. You constrict the goblin.
The goblin hits you with a +0 dagger. The kobold misses you.
The goblin closely misses you. The kobold barely misses you.
You slash the goblin!
You kill the goblin!
You closely miss the kobold. The jackal misses you.
The kobold hits you with a +0 whip.
You are too injured to fight recklessly!
You are too injured to fight recklessly!
You are too injured to fight recklessly!
You are too injured to fight recklessly!
The kobold attacks as you move away! The kobold closely misses you.
A rat comes into view.
The kobold attacks as you move away! The kobold hits you with a +0 whip.
The jackal attacks as you move away! The jackal bites you. x2
* * * LOW HITPOINT WARNING * * *
The kobold throws a stone.
The stone hits you.
* * * LOW HITPOINT WARNING * * *
You slash the jackal!
You kill the jackal!
The kobold throws a stone.
The stone closely misses you. The jackal bites you.
* * * LOW HITPOINT WARNING * * *
The kobold hits you with a +0 whip.
* * * LOW HITPOINT WARNING * * *
The jackal bites you.
You die...

#.#......#........##.#######
######.#######............#
........................###
######.########.####.#######
#.# #.# #............. ..#
#.# ###..#.####### #.## #.#
#....# ...###.## ####..###
...##8>8# #..@hr# ...###.##
####K.##.## ..†# #.# ###
#..)...#
...###.##.......†......#
#.#...........###.#.#..#
#.†........... #...#.r...
###........... ....$ ....
#........... ...#... .r.
#........... #..#.##.#..


You could see a jackal, a kobold and 2 rats.

Vanquished Creatures
  A dart slug (D:1)
  4 ball pythons (D:1)
  A bat (D:1)
  An endoplasm (D:1)
  3 giant cockroaches (D:1)
  3 goblins (D:1)
  2 hobgoblins (D:1)
  5 jackals (D:1)
  2 quokkas (D:1)
  4 rats (D:1)
26 creatures vanquished.

Notes
Turn   | Place    | Note
-------+----------+-------------------------------------------
     0 | D:1      | croobank the Octopode Wanderer began the quest for the Orb.
     0 | D:1      | croobank set off with the following items: a +2 hand axe, a
                  | piece from Xom's chessboard (15/15), a potion of curing;
                  | and the following spell memorised: Necrotise; and the
                  | following spells available to memorise: Vampiric Draining.
     0 | D:1      | Reached XP level 1. HP: 11/11 MP: 2/2
    89 | D:1      | Found a faded altar of an unknown god.
   104 | D:1      | Reached XP level 2. HP: 15/17 MP: 3/3
   236 | D:1      | Reached XP level 3. HP: 12/21 MP: 2/5
   497 | D:1      | HP: 1/21 [kobold/+0 whip (1)]
   497 | D:1      | Slain by a jackal

Illustrated notes

Levels and vault maps discovered:
D:1:      lemuel_arrival_cross, layout_basic,
          shapermc_ecumenical_altar_starsandcircs, supply_closet_lemuel

Action                   || total
-------------------------++-------
Melee: Hand axe          ||    44
       Constrict         ||    12
       Tentacles         ||     5
       Punch             ||     1
 Stab: Sleeping          ||     6
Armor: Skin              ||     2
Dodge: Dodged            ||    40
